 Dungeon Crawl Stone Soup version 0.17-b1-20-g63edfd6 (webtiles) character file.

85128 4thArraOfDagon the Severer (level 15, -4/177 HPs)
             Began as a Vampire Berserker on Nov 4, 2015.
             Was a Priest of Trog.
             Killed from afar by a deep elf conjurer (6 damage)
             ... with a bolt of lightning
             ... on level 3 of the Elven Halls.
             The game lasted 00:53:49 (7923 turns).

4thArraOfDagon the Severer (Vampire Berserker)      Turns: 7923, Time: 00:53:49

Health: -4/177     AC: 27    Str: 17    XL:     15   Next: 37%
Magic:  19/19      EV:  2    Int: 13    God:    Trog [***...]
Gold:   937        SH:  0    Dex: 14    Spells: 0 memorised, 14 levels left

rFire  . . .     SeeInvis +     K - +4 executioner's axe (elec)
rCold  . . .     Clarity  +     (armour currently unavailable)
rNeg   + + +     SustAt   .     (shield currently unavailable)
rPois  +         Gourm    .     (helmet currently unavailable)
rElec  +         Spirit   .     (cloak currently unavailable)
rCorr  .         Warding  .     (gloves currently unavailable)
rMut   .         NoTele   +     (boots currently unavailable)
MR     +....                    j - amulet of clarity
Stlth  +.........               M - ring "Filecaq" {+/*Tele +Inv rElec Int+2 Dex-4}
                                k - +5 ring of evasion

@: exhausted, tree-form, very slightly contaminated, regenerating quickly,
slowed, very slow, somewhat resistant to hostile enchantments, very unstealthy
A: (fangs 0), see invisible, (unbreathing)
a: Berserk, Trog's Hand, Burn Spellbooks, Renounce Religion, Evoke Invisibility,
Evoke Teleportation


You were on level 3 of the Elven Halls.
You worshipped Trog.
Trog was most pleased with you.
You were very full.
You were a tree.
You visited 4 branches of the dungeon, and saw 27 of its levels.
You also visited: Ice Cave.

You collected 1834 gold pieces.
You spent 897 gold pieces at shops.

Inventory:

Hand Weapons
 a - a +0 battleaxe
 h - a +0 war axe
 t - a +0 blowgun
 v - a +4 hand axe of venom
 A - a +0 war axe of flaming
 K - a +4 executioner's axe of electrocution (weapon)
Missiles
 i - 2 needles of paralysis
 u - 5 curare-tipped needles
Armour
 o - a +2 cloak (melded)
 q - a +2 pair of gloves of strength (melded)
 w - a troll hide
 y - the +3 ring mail of Wasted Space {rPois Str+6}
   (You found it on level 10 of the Dungeon)

   It affects your strength (+6).
   It protects you from poison.
 E - the +8 plate armour "Efitos" (melded) {rN+}
   (You found it on level 8 of the Dungeon)

   It protects you from negative energy.
Jewellery
 c - an uncursed ring of stealth
 e - the ring "Ikav" {AC+3 Str+5 Dex-3}
   (You took it off a deep elf death mage on level 3 of the Elven Halls)

   [ring of protection]

   It affects your AC (+3).
   It affects your strength (+5).
   It affects your dexterity (-3).
 j - an amulet of clarity (around neck)
 k - a +5 ring of evasion (left branch)
 m - an uncursed amulet of rage
 M - the ring "Filecaq" (right branch) {+/*Tele +Inv rElec Int+2 Dex-4}
   (You bought it in a shop on level 7 of the Dungeon)

   [ring of teleportation]

   It may teleport you to nearby monsters, and can be evoked to randomly
   teleport.
   It affects your intelligence (+2).
   It affects your dexterity (-4).
   It insulates you from electricity.
   It lets you turn invisible.
Wands
 p - a wand of paralysis (14)
 s - a wand of disintegration (12)
 B - a wand of polymorph (17)
Scrolls
 g - 8 scrolls of remove curse
 n - 2 scrolls of recharging
 I - 3 scrolls of immolation
Potions
 b - a potion of lignification
 d - 20 potions of blood
 f - a potion of flight
 l - 3 potions of brilliance
 r - 2 potions of might
 D - a potion of degeneration
 G - a potion of magic
 H - 2 potions of curing
Books
 C - a book of Dreams

   Spells                             Type                      Level
   a - Ensorcelled Hibernation        Hexes/Ice                    2
   b - Phase Shift                    Translocation                5
   c - Shadow Creatures               Summoning                    5
   d - Silence                        Hexes/Air                    5
   e - Darkness                       Hexes                        6
   f - Mass Confusion                 Hexes                        6
   Trog disapproves of the use of such an item.


   Skills:
 - Level 11.0 Fighting
 * Level 17.2 Axes
 + Level 11.8 Armour
 - Level 5.2 Dodging
 - Level 6.0 Evocations


You had 14 spell levels left.
You didn't know any spells.

Dungeon Overview and Level Annotations

Branches:
Dungeon (12/15)              Lair (8/8) D:10         Spider (0/4) Lair:3
  Slime (0/6) Lair:8          Orc (4/4) D:11            Elf (3/3) Orc:4
 Temple: D:4-7        Swamp: Lair:3-6    Shoals: Lair:3-6

Altars:
Elyvilon
Fedhas
Kikubaaqudgha
Nemelex Xobeh
Ru
Beogh
Jiyva

Shops:
D:7 =   D:9 [   Orc:4 }::*

Annotations:
D:2 Natasha
D:10 radek's ghost, journeyman DECj
D:11 Gastronok
Lair:3 SHAOLS, exclusion: oklob plant
Lair:8 1 runed door


Innate Abilities, Weirdness & Mutations

Your natural rate of healing is unusually fast.
((You have razor-sharp teeth.))
You have supernaturally acute eyesight.
((You can survive without breathing.))


Message History

The bolt of fire hits you!
* * * LOW HITPOINT WARNING * * *
Unknown command.
Unknown command.
Unknown command.
Drink which item? (? for menu, Esc to quit)
You turn into a tree.
Your +2 cloak melds into your body.
Your +2 pair of gloves of strength melds into your body.
The +8 plate armour "Efitos" {rN+} melds into your body.
You feel weaker.
Your roots penetrate the ground.
The deep elf conjurer gestures at you while chanting.
Helpless, you fail to dodge the bolt of fire.
The deep elf mage points at you and mumbles some strange words.
Helpless, you fail to dodge the bolt of magma.
* * * LOW HITPOINT WARNING * * *
The deep elf conjurer gestures at you while chanting.
Helpless, you fail to dodge the bolt of lightning.
You resist.
You die...

*,,,,,******?..,,** #
*,,,,,+,,+,,....,,**#
*,,,,,****,,,,,....##
*,,,,,* *,,,,,....#.
**##### **,,,,,....#.
#...#**+*,,,,...##.
##...#*,***,,,..+###
#..e.#,** **,,.*#.##
*#..♣#*** *+***##.#
*#....#*******+*****#.
**#....##**,,,,,,,,,*
## #....§.*
*,,,,,,,,,* #
#..ee..** **,,,,,,,**
#..#...,*
*,,,,,,,**###
#..##.e,**
**,,,,,,+,...
#.,,#..,,*
**,,,,,***###
***+**,<,***+*,,,**


You could see 3 deep elf conjurers and a deep elf mage.

Vanquished Creatures
  Norris (Elf:3)
  A deep elf master archer (Elf:3)
  A deep elf blademaster (Elf:3)
  Maud (D:11)
  2 deep elf sorcerers (Elf:3)
  A large abomination (Elf:3)
  A dire elephant (Lair:8)
  4 deep elf demonologists (Elf:3)
  7 deep elf annihilators (Elf:3)
  6 deep elf death magi (Elf:3)
  A deep elf high priest (Elf:3)
  The ghost of hexophile the Cleaver, a journeyman CeFi of Okawaru (Lair:3)
  5 hydras
  A catoblepas (Lair:8)
  A deep troll shaman (Lair:8)
  5 death yaks (Lair:8)
  3 orc high priests (Orc:4)
  Sonja (D:11)
  5 deep elf knights
  The ghost of 4thArraOfDagon the Martial Artist, a novice DsAs of Cheibriados (D:11)
  5 orc knights
  3 deep elf summoners
  4 deep elf conjurers
  7 orc sorcerers
  2 griffons
  2 ugly things (D:11)
  A cyclops (D:11)
  20 elephants
  2 centaur skeletons
  7 spiny frogs
  2 deep elf priests (Elf:3)
  5 komodo dragons
  2 jumping spiders (Lair:3)
  A fire drake (Lair:6)
  2 trolls
  A polar bear (Lair:8)
  15 blink frogs
  A redback (shapeshifter) (D:10)
  10 deep elf fighters
  27 yaks
  10 hippogriffs
  A steam dragon (Lair:4)
  8 deep elf magi
  18 wolves
  A warg (Orc:4)
  15 water moccasins
  2 spiders (Lair:3)
  A porcupine (Lair:2)
  A black bear (Lair:8)
  2 phantoms (D:4)
  A necrophage (D:9)
  16 orc warriors
  6 ogres
  3 sky beasts (D:11)
  10 crocodiles
  4 big kobolds (D:11)
  A centaur (D:7)
  3 gnoll sergeants (D:11)
  8 giant frogs
  2 scorpions
  A centaur zombie (D:7)
  A crimson imp (D:11)
  A quasit (D:8)
  2 hounds
  2 jellies
  2 giant frog skeletons
  14 orc priests
  13 orc wizards
  Natasha (D:2)
  7 iguanas
  2 worker ants
  A sheep (Lair:3)
  A killer bee zombie (D:11)
  4 adders
  5 gnolls
  48 river rats
  12 white imps (D:11)
  A worm (D:3)
  A giant gecko (D:4)
  90 orcs
  2 jackals (D:8)
  13 bats
  A giant cockroach (D:3)
  2 goblins
  A kobold (D:3)
  11 rats
  3 fungi
  7 plants (Elf:3)
530 creatures vanquished.

Vanquished Creatures (collateral kills)
  The ghost of Rayvis the Fighter, a journeyman MiFi of Makhleb (Lair:4)
  The ghost of Anothat the Brawler, a journeyman VSMo of Makhleb (Orc:4)
  An orc warrior (Orc:4)
  An orc wizard (Orc:4)
  4 sheep (Lair:3)
  6 orcs (Orc:4)
14 creatures vanquished.

Vanquished Creatures (others)
  2 orcs (Orc:3)
  6 fungi
  6 plants
14 creatures vanquished.

Grand Total: 558 creatures vanquished

Notes
Turn   | Place    | Note
--------------------------------------------------------------
     0 | D:1      | 4thArraOfDagon the Vampire Berserker began the quest for the Orb.
     0 | D:1      | Reached XP level 1. HP: 17/17 MP: 1/1
    46 | D:2      | Noticed Natasha
    73 | D:2      | Noticed an iron imp
    80 | D:2      | Killed Natasha
    80 | D:2      | Reached skill level 3 in Axes
    80 | D:2      | Reached XP level 2. HP: 5/23 MP: 2/2
    97 | D:2      | Noticed Natasha
   161 | D:3      | Reached XP level 3. HP: 19/28 MP: 3/3
   211 | D:2      | You fall through a shaft!
   264 | D:3      | Found a sacrificial altar of Ru.
   429 | D:4      | Reached XP level 4. HP: 35/35 MP: 4/4
   570 | D:3      | Found an ancient bone altar of Kikubaaqudgha.
   609 | D:4      | Noticed a phantom
   614 | D:4      | Noticed a phantom
   623 | D:4      | Killed a phantom
   623 | D:4      | Reached skill level 4 in Axes
   623 | D:4      | Reached XP level 5. HP: 38/41 MP: 5/5
   626 | D:4      | Killed a phantom
   626 | D:4      | Reached XP level 6. HP: 44/47 MP: 6/6
   664 | D:5      | Entered Level 5 of the Dungeon
   788 | D:7      | Found Qiwnyuho's Jewellery Boutique.
   806 | D:7      | Reached ** piety under Trog
   860 | D:7      | Reached skill level 5 in Axes
   902 | D:7      | Reached XP level 7. HP: 54/54 MP: 7/7
  1183 | D:10     | Entered Level 10 of the Dungeon
  1184 | D:10     | Noticed radek's ghost (journeyman DECj)
  1253 | D:9      | Reached skill level 6 in Axes
  1253 | D:9      | Reached skill level 5 in Dodging
  1253 | D:9      | Reached XP level 8. HP: 46/59 MP: 8/8
  1339 | D:9      | Found a blossoming altar of Fedhas.
  1373 | D:9      | Reached skill level 5 in Fighting
  1447 | D:9      | Found a sparkling altar of Nemelex Xobeh.
  1538 | D:11     | Noticed Sonja
  1544 | D:11     | Killed Sonja
  1544 | D:11     | Reached skill level 7 in Axes
  1544 | D:11     | Reached XP level 9. HP: 66/66 MP: 8/10
  1552 | D:10     | Noticed a centaur skeleton
  1615 | D:10     | Killed a centaur skeleton
  1663 | D:11     | Reached skill level 8 in Axes
  1709 | D:11     | Noticed a purple ugly thing
  1719 | D:11     | Killed a purple ugly thing
  1719 | D:11     | Reached *** piety under Trog
  1719 | D:11     | Reached skill level 5 in Armour
  1767 | D:11     | Noticed a green ugly thing
  1783 | D:11     | Killed a green ugly thing
  1820 | D:11     | Found a frozen archway.
  1880 | D:11     | Noticed a cyclops
  1903 | IceCv    | Entered an ice cave
  1951 | D:11     | Found a staircase to the Orcish Mines.
  1951 | D:11     | Noticed a troll
  1982 | D:11     | Noticed Gastronok
  1991 | D:10     | Received a gift from Trog
  2169 | D:11     | Noticed a centaur skeleton
  2188 | D:11     | Killed a centaur skeleton
  2188 | D:11     | Reached skill level 9 in Axes
  2188 | D:11     | Reached XP level 10. HP: 55/77 MP: 13/13
  2250 | D:11     | Killed a troll
  2306 | D:11     | Noticed Maud
  2325 | D:11     | Killed Maud
  2330 | D:11     | Noticed 4thArraOfDagon's ghost (novice DsAs)
  2427 | D:10     | Got a jewelled ring mail
  2438 | D:10     | Identified the +3 ring mail of Wasted Space {rPois Str+6} (You found it on level 10 of the Dungeon)
  2459 | D:10     | Noticed an octopode
  2473 | D:10     | Noticed a moth of wrath
  2473 | D:10     | an octopode changed into a moth of wrath
  2477 | D:10     | a moth of wrath changed into a redback
  2537 | D:10     | Reached **** piety under Trog
  2564 | D:10     | Found a staircase to the Lair.
  2564 | D:10     | Noticed a deep elf fighter
  2574 | D:10     | Killed a deep elf fighter
  2574 | D:10     | Reached skill level 10 in Axes
  2580 | Lair:1   | Entered Level 1 of the Lair of Beasts
  2636 | Lair:3   | Noticed a seven-headed hydra
  2724 | Lair:2   | Reached skill level 5 in Evocations
  2784 | Lair:3   | Noticed hexophile's ghost (journeyman CeFi)
  2828 | Lair:1   | Reached XP level 11. HP: 58/84 MP: 15/15
  3002 | Lair:3   | Killed a three-headed hydra
  3317 | Lair:3   | Found a hole to the Spider Nest.
  3329 | Lair:3   | Reached skill level 11 in Axes
  3372 | Lair:3   | Killed hexophile's ghost
  3512 | Lair:4   | Reached ***** piety under Trog
  3694 | Lair:8   | Entered Level 8 of the Lair of Beasts
  3722 | Lair:8   | Reached XP level 12. HP: 72/94 MP: 16/16
  3824 | Lair:8   | Reached skill level 12 in Axes
  4049 | Lair:8   | Noticed a death yak
  4049 | Lair:8   | Noticed a death yak
  4049 | Lair:8   | Noticed a death yak
  4050 | Lair:8   | Noticed a death yak
  4051 | Lair:8   | Noticed a death yak
  4074 | Lair:8   | Killed a death yak
  4077 | Lair:8   | Killed a death yak
  4084 | Lair:8   | Killed a death yak
  4088 | Lair:8   | Killed a death yak
  4138 | Lair:8   | Noticed a catoblepas
  4147 | Lair:8   | Killed a catoblepas
  4147 | Lair:8   | Reached skill level 13 in Axes
  4152 | Lair:8   | Killed a death yak
  4174 | Lair:8   | Noticed a deep troll shaman
  4178 | Lair:8   | Noticed a dire elephant
  4182 | Lair:8   | Killed a deep troll shaman
  4193 | Lair:8   | Killed a dire elephant
  4317 | Lair:8   | Noticed a six-headed hydra
  4330 | Lair:8   | Killed a two-headed hydra
  4330 | Lair:8   | Reached XP level 13. HP: 103/103 MP: 17/17
  4333 | Lair:8   | Reached skill level 10 in Fighting
  4413 | Lair:8   | Found a runed door.
  4416 | Lair:8   | Found a viscous altar of Jiyva.
  4416 | Lair:8   | Found a staircase to the Slime Pits.
  4418 | Lair:8   | Noticed an azure jelly
  4555 | Lair:7   | Noticed a six-headed hydra
  4593 | Lair:7   | Noticed a seven-headed hydra
  4593 | Lair:7   | Noticed a six-headed hydra
  4601 | Lair:7   | Killed a four-headed hydra
  4602 | Lair:7   | Killed a one-headed hydra
  4653 | Lair:7   | Reached skill level 14 in Axes
  4760 | Lair:7   | Noticed a four-headed hydra
  4784 | Lair:6   | Noticed a four-headed hydra
  4793 | Lair:6   | Killed a one-headed hydra
  4807 | Lair:6   | Received a gift from Trog
  5031 | Lair:4   | Noticed Rayvis's ghost (journeyman MiFi)
  5040 | Lair:4   | Killed Rayvis's ghost
  5089 | Lair:4   | Found a white marble altar of Elyvilon.
  5175 | Lair:3   | Identified a scroll of acquirement
  5191 | Lair:3   | Noticed an oklob plant
  5404 | D:9      | Found Boqosm's Antique Armour Boutique.
  5412 | D:9      | Bought an ichor-stained scale mail for 252 gold pieces
  5452 | D:8      | Got a dazzling plate armour
  5475 | D:8      | Reached skill level 10 in Armour
  5519 | D:7      | Bought the ring "Filecaq" {+/*Tele +Inv rElec Int+2 Dex-4} for 445 gold pieces
  5529 | D:7      | Identified the +8 plate armour "Efitos" {rN+} (You found it on level 8 of the Dungeon)
  5539 | D:7      | Identified the +1 scale mail of Listlessness {Int+4 Dex+6} (You bought it in a shop on level 9 of the Dungeon)
  5701 | D:11     | Killed 4thArraOfDagon's ghost
  5722 | D:11     | Found a blossoming altar of Fedhas.
  5729 | D:11     | Killed a cyclops
  5774 | Orc:1    | Entered Level 1 of the Orcish Mines
  5907 | Orc:2    | Received a gift from Trog
  6003 | Orc:3    | Found a roughly hewn altar of Beogh.
  6052 | Orc:3    | Received a gift from Trog
  6116 | Orc:4    | Entered Level 4 of the Orcish Mines
  6239 | Orc:4    | Noticed Anothat's ghost (journeyman VSMo)
  6242 | Orc:4    | Found a roughly hewn altar of Beogh.
  6265 | Orc:4    | Killed Anothat's ghost
  6265 | Orc:4    | Reached XP level 14. HP: 38/113 MP: 18/18
  6274 | Orc:4    | Found a staircase to the Elven Halls.
  6411 | Orc:4    | Reached skill level 15 in Axes
  6437 | Orc:4    | Paralysed by an orc sorcerer for 7 turns
  6654 | Orc:4    | Found Yponius's General Store.
  6654 | Orc:4    | Found Nacur's Gadget Boutique.
  6665 | Orc:4    | Found Edebas's Book Shoppe.
  6665 | Orc:4    | Found Veisum's Book Shoppe.
  6685 | Orc:4    | Bought a scroll of magic mapping for 56 gold pieces
  6685 | Orc:4    | Bought a potion of curing for 48 gold pieces
  6685 | Orc:4    | Bought a potion of might for 64 gold pieces
  6685 | Orc:4    | Bought a scroll of identify for 32 gold pieces
  6879 | Elf:1    | Entered Level 1 of the Elven Halls
  6899 | Elf:1    | Received a gift from Trog
  7033 | Elf:3    | Entered Level 3 of the Elven Halls
  7287 | Elf:3    | Noticed a deep elf sorcerer
  7288 | Elf:3    | Noticed a deep elf sorcerer
  7306 | Elf:3    | Killed a deep elf sorcerer
  7310 | Elf:3    | Reached skill level 16 in Axes
  7312 | Elf:3    | Noticed a deep elf blademaster
  7333 | Elf:3    | Killed a deep elf blademaster
  7395 | Elf:3    | Noticed a deep elf sorcerer
  7411 | Elf:3    | Noticed a deep elf master archer
  7421 | Elf:3    | Killed a deep elf master archer
  7425 | Elf:3    | Killed a deep elf sorcerer
  7514 | Elf:3    | Got a shimmering lead ring
  7541 | Elf:3    | Reached XP level 15. HP: 100/118 MP: 19/19
  7550 | Elf:3    | Noticed an Executioner
  7587 | Elf:3    | Noticed a deep elf master archer
  7592 | Elf:3    | Noticed a deep elf blademaster
  7596 | Elf:3    | Noticed an Ice Fiend
  7615 | Elf:3    | Reached skill level 17 in Axes
  7696 | Elf:3    | Noticed Norris
  7696 | Elf:3    | Paralysed by Norris for 4 turns
  7710 | Elf:3    | Killed Norris
  7887 | Elf:3    | Identified the ring "Ikav" {AC+3 Str+5 Dex-3} (You took it off a deep elf death mage on level 3 of the Elven Halls)
  7923 | Elf:3    | HP: 2/177 [deep elf mage/bolt of magma (8)]
  7923 | Elf:3    | Killed from afar by a deep elf conjurer

Action                   |  1- 3 |  4- 6 |  7- 9 | 10-12 | 13-15 || total
-------------------------+-------+-------+-------+-------+-------++-------
Melee: Hand axe          |    25 |       |    17 |   507 |   126 ||   675
       War axe           |    10 |    49 |    63 |    18 |    20 ||   160
       Battleaxe         |       |       |    92 |     8 |       ||   100
       Executioner's axe |       |       |       |       |   578 ||   578
Invok: Berserk           |     4 |     5 |    10 |    17 |    17 ||    53
       Trog's Hand       |       |       |     6 |     9 |    30 ||    45
       Brothers in Arms  |       |       |       |     2 |     8 ||    10
 Abil: Evoke Teleportati |       |       |       |       |     4 ||     4
Evoke: Wand              |       |       |     2 |     2 |    12 ||    16
  Use: Potion            |     2 |     4 |     4 |     7 |    38 ||    55
       Scroll            |       |       |     9 |     1 |    23 ||    33
 Stab: Sleeping          |     1 |       |       |     1 |       ||     2
       Paralysed         |       |       |     2 |     3 |       ||     5
  Eat: Corpse            |     6 |     6 |    15 |    30 |    24 ||    81
